 Dungeon Crawl Stone Soup version 0.27-a0-1217-g8a41f320e8 (webtiles) character file.

Game seed: 8771769693794893649

191 Delamore the Skirmisher (level 6, 0/76 HPs)
             Began as a Formicid Fighter on June 5, 2021.
             Was a Believer of Kikubaaqudgha.
             Succumbed to a scorpion's poison
             ... on level 3 of the Dungeon.
             The game lasted 00:03:25 (2772 turns).

Delamore the Skirmisher (Formicid Fighter)          Turns: 2772, Time: 00:03:26

Health: 0/76       AC: 23    Str: 21 (22) XL:     6   Next: 1%
Magic:  6/6        EV:  2    Int:  5 (8)  God:    Kikubaaqudgha [**....]
Gold:   102        SH: 10    Dex:  9 (10) Spells: 5/5 levels left

rFire    + . .     SeeInvis .   j - +1 whip (freeze)
rCold    + . .     Faith    .   c - +1 kite shield
rNeg     + + +     Spirit   .   (armour currently unavailable)
rPois    +         Reflect  .   (helmet unavailable)
rElec    +         Harm     .   (cloak currently unavailable)
rCorr    +         Rampage  .   (gloves currently unavailable)
Will     .....                  (boots currently unavailable)
Stlth    +.........             (no amulet)
HPRegen  0.22/turn              (no ring)
MPRegen  0.10/turn              (no ring)

@: lethally poisoned (0 -> -3), tree-form, resistant, attractive
A: stationary, stasis, torment immunity, boosted hp, permanent stasis, dig
shafts and tunnels, (antennae 3), four strong arms
a: Renounce Religion, Receive Corpses


You were on level 3 of the Dungeon.
You worshipped Kikubaaqudgha.
Kikubaaqudgha was pleased with you.
You were a tree.
You visited 1 branch of the dungeon, and saw 4 of its levels.

You collected 102 gold pieces.

Inventory:

Hand Weapons
 a - a +0 war axe
 g - a +0 club
 j - a +1 whip of freezing (weapon)
 k - a +0 halberd
 l - a +0 spear
Armour
 b - a +0 scale mail (melded)
 c - a +1 kite shield (worn)
 h - a +0 cloak (melded)
Scrolls
 i - a scroll of enchant armour
 m - 2 scrolls of teleportation {unknown}
Potions
 d - a potion of might
 e - 3 potions of lignification
 o - a potion of resistance


   Skills:
 - Level 5.0 Fighting
 - Level 2.3(3.4) Axes
 + Level 3.7(4.1) Polearms
 - Level 3.2 Armour
 - Level 3.6 Shields


You had 5 spell levels left.
You didn't know any spells.
Your spell library contained the following spells:

 Spells                   Type           Power      Damage    Failure   Level
 Animate Skeleton         Necr           0%         N/A       86%         1
 Magic Dart               Conj           0%         1d3       86%         1
 Pain                     Necr           0%         1d4       86%         1
 Searing Ray              Conj           0%         3d3       95%         2
 Sublimation of Blood     Necr           0%         N/A       95%         2
 Dazzling Flash           Conj/Hex       0%         N/A       99%         3
 Vampiric Draining        Necr           0%         2d6       99%         3
 Fulminant Prism          Conj/Hex       0%         3d6       100%        4
 Iskenderun's Mystic Bla  Conj/Tloc      0%         2d3       100%        4


Dungeon Overview and Level Annotations

Branches:
Dungeon (4/15)
 Temple: D:4-7

Altars:
Kikubaaqudgha


Innate Abilities, Weirdness & Mutations

You are a tree.
Your roots penetrate the ground, keeping you stationary.
You cannot be teleported.
You are immune to unholy pain and torment.
Your maximum health is greatly increased.
Your equipment is partially melded.
You cannot be hasted, slowed, berserked, paralysed or teleported.
You can dig through walls and to a lower floor.
((You have a pair of large antennae on your head. (SInv)))
Your four strong arms can wield two-handed weapons with a shield.


Message History

There is a stone staircase leading up here.
You feel sick. The scorpion stings you.
* * * LOW HITPOINT WARNING * * *
You are lethally poisoned!
The scorpion poisons you!
You climb upwards.
* * * LOW HITPOINT WARNING * * *
You feel very sick.
There is a stone staircase leading down here.
It was a potion of resistance.
You feel protected.
* * * LOW HITPOINT WARNING * * *
You feel very sick. The scorpion closely misses you.
You block the scorpion's attack.
It was a potion of lignification.
You turn into a tree.
Your +0 cloak melds into your body.
Your +0 scale mail melds into your body.
Your roots penetrate the ground.
* * * LOW HITPOINT WARNING * * *
You feel sick. The scorpion barely misses you.
It was a potion of degeneration.
There was something very wrong with that liquid.
You feel weakened.
You feel dopey.
You feel clumsy.
* * * LOW HITPOINT WARNING * * *
You feel sick.
The scorpion stings you but does no damage.
It was a potion of attraction.
You feel attractive to monsters.
* * * LOW HITPOINT WARNING * * *
You feel sick.
The scorpion stings you but does no damage.
Okay, then.
You barely miss the scorpion.
* * * LOW HITPOINT WARNING * * *
You feel sick. You block the scorpion's attack.
The scorpion stings you but does no damage.
You hit the scorpion. You freeze the scorpion.
The scorpion is heavily wounded.
You die...
Kikubaaqudgha rasps: "You have failed me!
Welcome... death!"

##################
...............s♣#
####.####.######## ####.#
#.# .....# #.#
#########.###############
........................#
..#######.#############.#
......# #.# #.#
......###.# #.#


You could see a scorpion.

Vanquished Creatures
  A wyvern skeleton (D:3)
  4 gnolls
  4 adders
  A worm (D:3)
  4 ball pythons
  6 bats
  2 endoplasms
  2 giant cockroaches (D:1)
  3 goblins
  7 hobgoblins
  9 jackals
  4 kobolds
  3 quokkas
  7 frilled lizards
  4 rats
61 creatures vanquished.

Vanquished Creatures (collateral kills)
  A bat (D:2)
1 creature vanquished.

Grand Total: 62 creatures vanquished

Notes
Turn   | Place    | Note
-------+----------+-------------------------------------------
     0 | D:1      | Delamore the Formicid Fighter began the quest for the Orb.
     0 | D:1      | Reached XP level 1. HP: 18/18 MP: 1/1
   186 | D:1      | Reached skill level 1 in Polearms
   190 | D:1      | Reached XP level 2. HP: 22/24 MP: 2/2
   300 | D:1      | Found a faded altar of an unknown god.
   311 | D:1      | Became a worshipper of Kikubaaqudgha
   311 | D:1      | Reached * piety under Kikubaaqudgha
   311 | D:1      | Identified Kikubaaqudgha's Collected Works on Evil
                  | (Kikubaaqudgha gifted it to you on level 1 of the Dungeon)
   311 | D:1      | Received a gift from Kikubaaqudgha
   469 | D:1      | Reached XP level 3. HP: 17/30 MP: 3/3
  1072 | D:1      | Reached skill level 4 in Fighting
  1235 | D:1      | Reached XP level 4. HP: 26/37 MP: 4/4
  1236 | D:1      | Reached ** piety under Kikubaaqudgha
  1665 | D:2      | Reached XP level 5. HP: 43/43 MP: 5/5
  2035 | D:3      | Reached skill level 5 in Fighting
  2638 | D:3      | Reached XP level 6. HP: 51/51 MP: 6/6
  2755 | D:4      | Noticed an ogre
  2769 | D:3      | HP: 3/76 [poisoned by a scorpion]
  2771 | D:3      | HP: 1/76 [poisoned by a scorpion]
  2772 | D:3      | Succumbed to a scorpion's poison

Illustrated notes

Levels and vault maps discovered:
D:1:      scummos_arrival_gate, layout_loops_ring, ebering_ecumenical_altar_mist
D:2:      minmay_angry_zag, layout_rooms
D:3:      layout_basic
D:4:      layout_rooms, minmay_between

Skill      XL: |  1  2  3  4  5 |
---------------+----------------+-----
Polearms       | 1 2 3 |  3.7
Fighting       | 4 5 |  5.0
Axes           | |  2.3
Armour         | |  3.2
Shields        | |  3.6

Action                   |  1- 3 |  4- 6 || total
-------------------------+-------+-------++-------
Melee: War axe           |    78 |       ||    78
       Whip              |     4 |   143 ||   147
  Use: Scroll            |     1 |     4 ||     5
       Potion            |       |     4 ||     4
Armor: Scale mail        |    48 |    46 ||    94
       Skin              |       |     3 ||     3
Dodge: Dodged            |    27 |    59 ||    86
Block: Kite shield       |    56 |    84 ||   140

Table legend: (Time is in decaauts)
 A = Elapsed time spent in this place.
 B = Non-inter-level travel time spent in this place.
 C = Inter-level travel time spent in this place.
 D = Time resting spent in this place.
 E = Time spent auto-exploring this place.
 F = Levels seen in this place.
 G = Mean time per level.
                   A        B        C        D        E       F      G
               +--------+--------+--------+--------+--------+-----+--------+
         Total |   2849 |   2811 |     38 |    585 |   1697 |   4 |  712.2 |
       Dungeon |   2849 |   2811 |     38 |    585 |   1697 |   4 |  712.2 |
               +--------+--------+--------+--------+--------+-----+--------+

Top non-repeatable levels by time:
     D:1: 1313 daAuts
     D:3: 914 daAuts
     D:2: 605 daAuts
     D:4: 15 daAuts
